 Dungeon Crawl Stone Soup version 0.23.0 (webtiles) character file.

Game seed: 8362640326882628145

209225 kidcy the Warrior (level 19, -4/170 HPs)
             Began as a Formicid Fighter on Feb 15, 2019.
             Was the Champion of Okawaru.
             Slain by the 27-headed Lernaean hydra (6 damage)
             ... on level 3 of the Swamp.
             The game lasted 01:44:18 (35357 turns).

kidcy the Warrior (Formicid Fighter)               Turns: 35357, Time: 01:44:18

Health: -4/170     AC: 33    Str: 23    XL:     19   Next: 53%
Magic:  26/26      EV:  6    Int: 13    God:    Okawaru [******]
Gold:   1443       SH: 21    Dex: 15    Spells: 18/18 levels left

rFire    + . .     SeeInvis +   G - +6 lajatang (freeze)
rCold    + + +     Gourm    .   o - +0 large shield
rNeg     . . .     Faith    .   O - +5 crystal plate armour
rPois    +         Spirit   .   (helmet unavailable)
rElec    +         Reflect  .   u - scarf {rC+ rF+}
rCorr    .         Harm     .   h - +2 pair of gloves {archery}
MR       +....                  y - +0 pair of boots
Stlth    ..........             d - amulet "Meohixei" {rC+ Regen+ SInv}
HPRegen  0.78/turn              s - ring of Idalafonk {rElec rC+ Int+4 Slay+3 Stlth+}
MPRegen  0.20/turn              g - ring of poison resistance

@: lethally poisoned (-4 -> -5), grasped by roots, constricted, very slow
A: permanent stasis, dig shafts and tunnels, four strong arms, antennae 3
}: 1/15 runes: gossamer
a: Dig, Shaft Self, Heroism, Finesse, Renounce Religion


You were on level 3 of the Swamp.
You worshipped Okawaru.
Okawaru was exalted by your worship.
You were not hungry.

You visited 6 branches of the dungeon, and saw 32 of its levels.
You also visited: Ice Cave.

You collected 3117 gold pieces.
You spent 1674 gold pieces at shops.

Inventory:

Hand Weapons
 E - a +0 scimitar of flaming
 G - a +6 lajatang of freezing (weapon)
Missiles
 k - 2 javelins of returning (quivered)
Armour
 e - a +0 cloak of magic resistance
 h - a +2 pair of gloves of archery (worn)
 o - a +0 large shield (worn)
 u - a scarf of resistance (worn)
 y - a +0 pair of boots (worn)
 O - a +5 crystal plate armour (worn)
Jewellery
 d - the amulet "Meohixei" (around neck) {rC+ Regen+ SInv}
   (You found it on level 9 of the Dungeon)

   [amulet of regeneration]

   It protects you from cold.
   It lets you see invisible.
   It increases your rate of regeneration.
 g - a ring of poison resistance (right hand)
 s - the ring of Idalafonk (left hand) {rElec rC+ Int+4 Slay+3 Stlth+}
   (You found it on level 4 of the Dungeon)

   [ring of stealth]

   It affects your intelligence (+4).
   It affects your accuracy and damage with ranged weapons and melee attacks
   (+3).
   It protects you from cold.
   It insulates you from electricity.
   It makes you more stealthy.
 A - an uncursed ring of protection from cold
 F - an uncursed amulet of harm {unknown}
 K - an uncursed amulet of the gourmand {unknown}
 M - a +4 ring of protection
 S - an uncursed ring of resist corrosion {unknown}
 T - an uncursed amulet of the gourmand {unknown}
Wands
 r - a wand of disintegration (26)
 w - a wand of iceblast (21)
 B - a wand of digging (23)
 C - a wand of random effects (85)
 H - a wand of flame (41)
 I - a wand of paralysis (25)
 N - a wand of scattershot (6)
 R - a wand of enslavement (8)
Scrolls
 a - 2 scrolls of fear
 l - 4 scrolls of fog
 t - 10 scrolls of remove curse
 z - a scroll of magic mapping
 D - 5 scrolls of amnesia
 L - 2 scrolls of summoning
 Q - 4 scrolls of identify
 V - 2 scrolls of silence
Potions
 i - 3 potions of might
 j - 6 potions of lignification
 m - 15 potions of curing
 n - 3 potions of cancellation
 p - 4 potions of brilliance
 q - 5 potions of ambrosia
 v - 3 potions of flight
 x - 3 potions of agility
 J - 3 potions of heal wounds
 W - a potion of mutation {unknown}
Miscellaneous
 b - a fan of gales (inert)
 c - a lamp of fire (inert)
Comestibles
 f - 47 rations


   Skills:
 * Level 20.6 Fighting
 - Level 14.0 Staves
 - Level 15.0 Armour
 + Level 8.8 Dodging
 - Level 15.8 Shields
 - Level 10.0 Invocations
 - Level 3.6 Evocations


You had 18 spell levels left.
You didn't know any spells.
Your spell library contained the following spells:

 Spells                   Type           Power        Failure   Level  Hunger
 Animate Skeleton         Necr           N/A          100%        1    ##.....
 Apportation              Tloc           #.....       100%        1    ##.....
 Confusing Touch          Hex            #.....       100%        1    ##.....
 Corona                   Hex            #......      100%        1    ##.....
 Freeze                   Ice            #...         100%        1    ##.....
 Magic Dart               Conj           #...         100%        1    ##.....
 Sandblast                Erth           #.....       100%        1    ##.....
 Summon Butterflies       Summ           #.......     100%        1    ##.....
 Summon Small Mammal      Summ           #...         100%        1    ##.....
 Call Imp                 Summ           #.......     100%        2    ###....
 Ensorcelled Hibernation  Hex/Ice        #.....       100%        2    ###....
 Passwall                 Tmut/Erth      #.......     100%        2    ###....
 Searing Ray              Conj           #.....       100%        2    ###....
 Throw Frost              Conj/Ice       #.....       100%        2    ###....
 Call Canine Familiar     Summ           #.......     100%        3    ####...
 Confuse                  Hex            #.......     100%        3    ####...
 Dazzling Spray           Conj/Hex       #.....       100%        3    ####...
 Lesser Beckoning         Tloc           #.........   100%        3    ####...
 Ozocubu's Armour         Chrm/Ice       #.......     100%        3    ####...
 Stone Arrow              Conj/Erth      #.....       100%        3    ####...
 Summon Guardian Golem    Hex/Summ       #.......     100%        3    ####...
 Tukima's Dance           Hex            #.......     100%        3    ####...
 Force Lance              Conj/Tloc      #.......     100%        4    #####..
 Fulminant Prism          Conj/Hex       #.........   100%        4    #####..
 Ice Form                 Ice/Tmut       #.......     100%        4    #####..
 Iskenderun's Mystic Bla  Conj           #.......     100%        4    #####..
 Leda's Liquefaction      Hex/Erth       #.........   100%        4    #####..
 Petrify                  Tmut/Erth      #.......     100%        4    #####..
 Summon Ice Beast         Ice/Summ       #.......     100%        4    #####..
 Summon Lightning Spire   Summ/Air       #.......     100%        4    #####..
 Throw Icicle             Conj/Ice       #.......     100%        4    #####..
 Alistair's Intoxication  Tmut/Pois      #.......     100%        5    ######.
 Bolt of Magma            Conj/Fire/Erth #.........   100%        5    ######.
 Lee's Rapid Deconstruct  Erth           #.........   100%        5    ######.
 Summon Mana Viper        Hex/Summ       #.......     100%        5    ######.
 Invisibility             Hex            #.......     100%        6    #######
 Iron Shot                Conj/Erth      #.........   100%        6    #######
 Simulacrum               Ice/Necr       #.........   100%        6    #######
 Statue Form              Tmut/Erth      #........    100%        6    #######
 Summon Hydra             Summ           #.........   100%        7    #######
 Shatter                  Erth           #.........   100%        9    #######


Dungeon Overview and Level Annotations

Branches:
Dungeon (15/15)            Temple (1/1) D:5            Lair (6/6) D:11
  Swamp (4/4) Lair:3       Spider (4/4) Lair:2        Slime (0/5) Lair:5
    Orc (2/2) D:12            Elf (0/3) Orc:2        Vaults (0/5) D:13
 Depths (0/5) D:15

Altars:
Ashenzari
Cheibriados
Dithmenos
Elyvilon
Fedhas
Gozag
Hepliaklqana
Kikubaaqudgha
Makhleb
Nemelex Xobeh
Okawaru
Qazlal
Ru
Sif Muna
Trog
Uskayaw
Vehumet
Wu Jian
Yredelemnul
Beogh
Jiyva

Shops:
D:9 }   D:11 :=   Orc:2 *(?[:

Portals:
Trove: D:12 (give horn of Geryon)

Annotations:
D:10 2 transporters, Monsterracer's ghost, journeyman FoAK
Swamp:1 3 runed translucent doors, Amet's ghost, journeyman MiBe
Swamp:3 Lernaean hydra
Spider:1 2 transporters, Flooderbenga's ghost, journeyman MiBe
Spider:2 3 runed translucent doors, Qyadack's ghost, adept HOFi


Innate Abilities, Weirdness & Mutations

You cannot be hasted, slowed, berserked, paralysed or teleported.
You can dig through walls and to a lower floor.
Your four strong arms can wield two-handed weapons with a shield.
You have a pair of large antennae on your head. (SInv)


Message History

The hornet completely misses you.
The hornet stings you but does no damage.
The roots' grasp on you weakens, but your attempt to escape fails.
You feel sick. You block the hornet's attack.
The hornet stings you but does no damage.
You block the hornet's attack.
The shambling mangrove hits you but does no damage.
The grasping roots constrict you.
The 27-headed Lernaean hydra bites you but does no damage.
You block the 27-headed Lernaean hydra's attack. x3
The 27-headed Lernaean hydra bites you but does no damage. x8
The 27-headed Lernaean hydra completely misses you.
The 27-headed Lernaean hydra bites you but does no damage.
The 27-headed Lernaean hydra bites you.
* * * LOW HITPOINT WARNING * * *
The 27-headed Lernaean hydra bites you!
* * * LOW HITPOINT WARNING * * *
The 27-headed Lernaean hydra bites you but does no damage.
The 27-headed Lernaean hydra bites you.
You die...

...♣ ♣♣≈.≈≈≈≈♣.♣♣.≈≈≈≈≈≈.≈♣≈≈♣
.).♣ ♣♣..≈≈.......≈≈≈≈≈.≈≈≈≈≈
♣≈.♣ ♣....≈.≈≈≈≈.≈≈≈.≈....≈≈
♣≈§♣♣ ♣.≈≈≈§.≈♣≈♣..≈≈.≈≈≈≈.♣.
♣.≈.♣ ♣≈≈≈≈..≈≈≈≈≈.≈≈.≈≈♣.(♣♣
♣.≈.♣ ♣..≈..≈≈≈≈≈.≈≈≈≈....♣♣
♣♣..♣ ♣.♣≈≈....≈≈.♣♣♣♣♣...♣
♣..♣ ♣.≈≈≈y≈≈≈≈≈♣♣ ♣♣..♣ ♣≈.♣
♣.≈≈≈≈@y≈.♣♣ ♣♣..♣ ♣≈.♣
♣.≈≈≈yDf≈.♣ ♣.≈.♣ ♣♣.§♣
♣≈≈≈≈.≈♣÷≈♣♣ ♣...♣♣ ♣.≈≈♣
♣§≈♣..÷>.≈.♣♣ ♣.≈≈.♣ ♣♣..♣
♣♣♣♣♣≈.≈.≈≈.≈≈..♣♣ ♣.≈≈♣♣
♣.≈♣♣♣.....≈≈...≈§≈.≈.♣
♣♣.≈.♣♣
♣♣≈≈≈..≈.≈≈♣≈≈.≈...♣.♣♣
♣..≈≈.♣ ♣≈≈≈♣≈≈.≈≈≈.≈.≈≈≈≈...♣
♣...≈.♣
♣.≈≈≈≈≈.≈≈≈...≈≈≈≈≈♣.♣♣♣.≈♣..♣


You could see the 27-headed Lernaean hydra, a shambling mangrove and 3 hornets.

Vanquished Creatures
  Kirke (Lair:5)
  Gastronok (D:11)
  A frost giant (IceCv)
  3 emperor scorpions
  2 orc warlords (Orc:2)
  3 ghost moths
  5 entropy weavers
  3 spark wasps
  A fire dragon (D:15)
  The ghost of Nattefrost the Grappler, a journeyman DrHu of Cheibriados (D:9)
  Erolcha (D:9)
  2 ice dragons
  14 hydras
  Erica (D:8)
  A shambling mangrove (Swamp:3)
  Harold (D:7)
  The ghost of Bauqient the Spear-Bearer, a journeyman MfSu of Sif Muna (Lair:1)
  A catoblepas (Lair:6)
  10 alligators
  A centaur warrior (D:15)
  An anaconda (shapeshifter) (D:13)
  An anaconda (Lair:6)
  A death yak (IceCv)
  8 two-headed ogres
  3 orc high priests (Orc:2)
  A tengu warrior (D:15)
  Sonja (Lair:3)
  3 skeletal warriors (D:13)
  A deep troll (D:13)
  A spriggan druid (Swamp:3)
  3 unseen horrors
  11 swamp dragons
  23 orb spiders
  7 orc knights
  2 oklob plants (Lair:2)
  3 orc sorcerers (Orc:2)
  26 wolf spiders
  7 cyclopes
  5 manticores
  Joseph (D:7)
  11 black mambas
  3 moths of wrath
  Maurice (D:8)
  A guardian serpent (Lair:6)
  18 spiny frogs
  A guardian serpent (shapeshifter) (D:14)
  Psyche (D:8)
  2 gargoyles
  2 torpor snails (Lair:4)
  5 rime drakes
  2 freezing wraiths
  10 demonic crawlers
  An efreet (D:15)
  7 komodo dragons
  4 yaktaurs (D:15)
  A redback zombie (D:13)
  3 tengu conjurers
  8 tyrant leeches
  29 polar bears
  A queen bee (D:9)
  A wind drake (shapeshifter) (D:14)
  19 hornets
  16 trolls
  22 slime creatures
  14 bog bodies
  46 jumping spiders
  5 raiju (Lair:6)
  Prince Ribbit (D:7)
  19 blink frogs
  12 dream sheep
  A meliai zombie (D:12)
  Sigmund (D:3)
  6 shadows
  6 hippogriffs
  36 tarantellas
  59 redbacks
  3 wraiths
  12 wyverns
  Grum (D:8)
  2 hogs (Lair:5)
  3 water elementals (D:14)
  2 vampires
  67 yaks
  10 basilisks
  A steam dragon (D:13)
  7 vampire mosquitoes
  2 hungry ghosts
  11 wargs
  6 insubstantial wisps (Swamp:3)
  9 swamp worms
  2 soldier ants
  10 hell hounds (Lair:6)
  11 swamp drakes
  12 porcupines
  23 water moccasins
  4 ice beasts
  12 black bears
  20 orc warriors
  4 sky beasts
  2 eyes of draining
  A phantom (D:14)
  43 wolves
  12 crocodiles
  13 ogres
  20 centaurs
  2 big kobolds
  27 bullfrogs
  3 scorpions
  A water moccasin skeleton (D:11)
  14 killer bees
  7 wights
  15 howler monkeys
  7 electric eels
  7 crimson imps
  5 centaur zombies
  2 bullfrog zombies (D:12)
  A jelly (D:6)
  A quasit (D:12)
  4 centaur skeletons
  A gnoll shaman (D:8)
  13 orc priests
  A bullfrog skeleton (D:4)
  4 hounds
  Ijyb (D:2)
  10 iguanas
  20 orc wizards
  9 worker ants
  2 hound skeletons
  2 worker ant zombies (D:6)
  6 adders
  9 gnolls
  2 shadow imps
  An ooze (D:3)
  2 adder skeletons
  3 worms
  5 dart slugs
  4 leopard geckos
  78 orcs
  2 bats
  2 giant cockroaches
  2 goblins (D:3)
  13 hobgoblins
  11 jackals
  13 kobolds
  3 quokkas
  2 ball pythons
  8 frilled lizards
  A jackal zombie (D:7)
  A leopard gecko skeleton (D:6)
  A leopard gecko zombie (D:3)
  A quokka skeleton (D:9)
  5 rats
  A fungus (Lair:2)
  A plant (Lair:6)
1199 creatures vanquished.

Vanquished Creatures (others)
  Louise (Swamp:1)
  An orb spider (Spider:4)
  A jumping spider (Spider:4)
  A wolf (Lair:6)
  3 bushes
  31 fungi
  63 plants
101 creatures vanquished.

Grand Total: 1300 creatures vanquished

Notes
Turn   | Place    | Note
-------+----------+-------------------------------------------
     0 | D:1      | kidcy the Formicid Fighter began the quest for the Orb.
     0 | D:1      | Reached XP level 1. HP: 18/18 MP: 1/1
   407 | D:1      | Reached XP level 2. HP: 24/24 MP: 2/2
   689 | D:1      | Reached XP level 3. HP: 29/29 MP: 3/3
  1172 | D:2      | Reached XP level 4. HP: 37/37 MP: 4/4
  1529 | D:2      | Found a basalt altar of Yredelemnul.
  1910 | D:3      | Noticed Ijyb
  1980 | D:2      | Killed Ijyb
  1980 | D:2      | Reached XP level 5. HP: 42/42 MP: 3/5
  2075 | D:3      | Found a hide-covered altar of Uskayaw.
  2143 | D:3      | Reached skill level 4 in Fighting
  2156 | D:3      | Noticed Sigmund
  2259 | D:3      | Killed Sigmund
  2259 | D:3      | Reached XP level 6. HP: 46/49 MP: 4/6
  2529 | D:4      | Noticed an ogre
  2552 | D:4      | Killed an ogre
  2552 | D:4      | Reached skill level 5 in Shields
  2552 | D:4      | Reached XP level 7. HP: 55/55 MP: 5/7
  2729 | D:4      | Reached skill level 5 in Staves
  2887 | D:4      | Got a shimmering jade ring
  2893 | D:4      | Identified the ring of Idalafonk {rElec rC+ Int+4 Slay+3
                  | Stlth+} (You found it on level 4 of the Dungeon)
  3042 | D:4      | Found a bloodstained altar of Trog.
  3058 | D:4      | Reached skill level 5 in Fighting
  3166 | D:5      | Entered Level 5 of the Dungeon
  3172 | D:5      | Reached skill level 5 in Armour
  3194 | D:5      | Reached XP level 8. HP: 62/62 MP: 8/8
  3467 | D:5      | Found a staircase to the Ecumenical Temple.
  3476 | Temple   | Entered the Ecumenical Temple
  3492 | Temple   | Became a worshipper of Warmaster Okawaru
  4419 | D:6      | Reached * piety under Okawaru
  4997 | D:7      | Noticed Harold
  5015 | D:7      | Killed Harold
  5015 | D:7      | Reached ** piety under Okawaru
  5015 | D:7      | Reached skill level 6 in Fighting
  5015 | D:7      | Reached XP level 9. HP: 63/71 MP: 9/9
  5042 | D:7      | Noticed Joseph
  5045 | D:7      | Noticed a troll
  5052 | D:6      | Reached *** piety under Okawaru
  5199 | D:7      | Reached skill level 7 in Fighting
  5214 | D:7      | Killed a troll
  5214 | D:7      | Reached XP level 10. HP: 59/79 MP: 10/10
  5295 | D:7      | Killed Joseph
  5295 | D:7      | Reached **** piety under Okawaru
  5521 | D:7      | Reached skill level 1 in Invocations
  5755 | D:7      | Noticed Prince Ribbit
  5766 | D:7      | Killed Prince Ribbit
  5970 | D:8      | Noticed Psyche
  5983 | D:8      | Killed Psyche
  5983 | D:8      | Reached ***** piety under Okawaru
  6109 | D:8      | Noticed Grum
  6131 | D:8      | Killed Grum
  6131 | D:8      | Reached skill level 8 in Fighting
  6363 | D:8      | Noticed Maurice
  6400 | D:8      | Killed Maurice
  6740 | D:8      | Noticed Erica
  6757 | D:8      | Killed Erica
  6757 | D:8      | Reached skill level 5 in Invocations
  6757 | D:8      | Reached XP level 11. HP: 68/87 MP: 14/14
  7313 | D:9      | Noticed Erolcha
  7325 | D:9      | Killed Erolcha
  7325 | D:9      | Received a gift from Okawaru
  7372 | D:9      | Found Sobre's Gadget Shoppe.
  7770 | D:9      | Found a transporter.
  7774 | D:9      | Found a transporter.
  7822 | D:9      | Noticed Nattefrost's ghost (journeyman DrHu)
  8215 | D:9      | Found a radiant altar of Vehumet.
  8215 | D:9      | Found a stormy altar of Qazlal.
  8268 | D:9      | Found an opulent altar of Gozag.
  8268 | D:9      | Found a shattered altar of Ashenzari.
  8334 | D:10     | Entered Level 10 of the Dungeon
  8334 | D:10     | Found a transporter.
  8385 | D:10     | Noticed a two-headed ogre
  8387 | D:10     | Found a transporter.
  8387 | D:10     | Noticed Monsterracer's ghost (journeyman FoAK)
  8387 | D:10     | Noticed a deep elf mage
  8401 | D:10     | Noticed a harpy
  8401 | D:10     | an eye of draining changed into a harpy
  8409 | D:10     | a harpy changed into a human
  8444 | D:10     | Reached skill level 10 in Staves
  8565 | D:10     | Received a gift from Okawaru
  8875 | D:10     | Reached skill level 9 in Fighting
  9088 | D:10     | Found a sparkling altar of Nemelex Xobeh.
  9294 | D:11     | Found a runed translucent door.
  9302 | D:11     | Reached skill level 10 in Shields
  9327 | D:11     | Noticed a cyclops
  9332 | D:11     | Noticed an orc knight
  9457 | D:11     | Killed a cyclops
  9457 | D:11     | Reached XP level 12. HP: 72/95 MP: 18/18
  9796 | D:11     | Found a staircase to the Lair.
  9934 | D:11     | Found Wemirph's Book Shop.
  9950 | D:11     | Noticed Gastronok
  9971 | D:11     | Killed Gastronok
  9971 | D:11     | Reached skill level 10 in Invocations
 10038 | D:11     | Reached skill level 10 in Fighting
 10038 | D:11     | Reached skill level 10 in Armour
 10111 | D:11     | Found Equs's Jewellery Boutique.
 10130 | D:11     | Bought a +4 ring of protection for 540 gold pieces
 10457 | Lair:1   | Entered Level 1 of the Lair of Beasts
 10490 | Lair:1   | Found a runed translucent door.
 10503 | Lair:1   | Noticed Bauqient's ghost (journeyman MfSu)
 10645 | Lair:1   | Killed Bauqient's ghost
 10725 | Lair:1   | Reached ****** piety under Okawaru
 11507 | Lair:1   | Received a gift from Okawaru
 11942 | Lair:2   | Reached XP level 13. HP: 90/104 MP: 20/20
 12699 | Lair:2   | Found a hole to the Spider Nest.
 12708 | Lair:2   | Reached skill level 11 in Fighting
 13562 | Lair:3   | Received a gift from Okawaru
 14237 | Lair:3   | Noticed Sonja
 14245 | Lair:3   | Killed Sonja
 14512 | Lair:3   | Found a staircase to the Swamp.
 14570 | Lair:3   | Got a scorched scale mail
 14572 | Lair:3   | Identified the +2 scale mail of the Eternal Fruit {rN+
                  | Dex-2 Stlth+} (You found it on level 3 of the Lair of
                  | Beasts)
 14908 | Lair:4   | Received a gift from Okawaru
 15476 | Lair:4   | Reached XP level 14. HP: 111/114 MP: 21/21
 16292 | Lair:5   | Received a gift from Okawaru
 16293 | Lair:5   | Reached skill level 12 in Fighting
 16464 | Lair:5   | Noticed Kirke
 16549 | Lair:5   | Killed Kirke
 17035 | Lair:5   | Found a viscous altar of Jiyva.
 17035 | Lair:5   | Found a staircase to the Slime Pits.
 17168 | Lair:5   | Found the +8 whip "Snakebite" {curare, rPois}
 17498 | Lair:6   | Entered Level 6 of the Lair of Beasts
 17948 | Lair:6   | Got an ancient plate armour
 17949 | Lair:6   | Identified the +1 plate armour "Vachuner" {Int+3} (You
                  | found it on level 6 of the Lair of Beasts)
 18373 | Lair:6   | Received a gift from Okawaru
 18510 | Lair:6   | Reached XP level 15. HP: 105/122 MP: 22/22
 19305 | Lair:6   | Reached skill level 13 in Fighting
 19365 | Lair:6   | Reached skill level 15 in Shields
 19908 | Lair:6   | Received a gift from Okawaru
 19911 | Lair:6   | Got a fine quarterstaff {god gift}
 19913 | Lair:6   | Identified the +4 quarterstaff "Listret" {freeze, rPois
                  | Int+4 Dex-4} (Okawaru gifted it to you on level 6 of the
                  | Lair of Beasts)
 20476 | D:9      | Killed Nattefrost's ghost
 20503 | D:9      | Got a transparent crystal amulet
 20504 | D:9      | Identified the amulet "Meohixei" {rC+ Regen+ SInv} (You
                  | found it on level 9 of the Dungeon)
 20537 | D:10     | Noticed a ghost moth
 20537 | D:10     | a satyr changed into a ghost moth
 20683 | D:11     | Found a roughly hewn altar of Beogh.
 20937 | D:12     | Found a staircase to the Orcish Mines.
 20947 | D:12     | Found a portal to a secret trove of treasure.
 21408 | D:12     | You fall through a shaft for 3 floors!
 21408 | D:15     | Entered Level 15 of the Dungeon
 21442 | D:15     | Found a shadowy altar of Dithmenos.
 21776 | Orc:1    | Entered Level 1 of the Orcish Mines
 21790 | Orc:1    | Found a frozen archway.
 21818 | IceCv    | Entered an ice cave
 21845 | IceCv    | Received a gift from Okawaru
 22111 | IceCv    | Reached skill level 1 in Evocations
 22346 | IceCv    | Noticed a frost giant
 22359 | IceCv    | Reached XP level 16. HP: 129/129 MP: 23/23
 22393 | IceCv    | Killed a frost giant
 22442 | IceCv    | Identified the Incunabulum of the Snowflakes
 22766 | Orc:2    | Entered Level 2 of the Orcish Mines
 22910 | Orc:2    | Found a roughly hewn altar of Beogh.
 22938 | Orc:2    | Found Kuocwun's Book Shop.
 23134 | Orc:2    | Found Gatoruim's Magic Scroll Emporium.
 23145 | Orc:2    | Found a staircase to the Elven Halls.
 23165 | Orc:2    | Reached skill level 14 in Fighting
 23258 | Orc:2    | Found Laawy's Antique Armour Shop.
 23299 | Orc:2    | Bought a bloodstained scale mail for 297 gold pieces
 23299 | Orc:2    | Identified the cursed +1 scale mail of the Vacuum {+Blink
                  | rPois rF+} (You bought it in a shop on level 2 of the
                  | Orcish Mines)
 23420 | Orc:2    | Found Yfyn's Antique Weapon Shop.
 23450 | Orc:2    | Received a gift from Okawaru
 24104 | Orc:2    | Found Madys's General Store.
 24112 | Orc:2    | Bought a potion of curing for 42 gold pieces
 24112 | Orc:2    | Bought a +1 pair of gloves of archery for 231 gold pieces
 24227 | Orc:2    | Bought a scroll of identify for 32 gold pieces
 24227 | Orc:2    | Bought a scroll of enchant weapon for 120 gold pieces
 24227 | Orc:2    | Bought a scroll of magic mapping for 56 gold pieces
 24227 | Orc:2    | Bought a scroll of magic mapping for 56 gold pieces
 24646 | D:13     | Received a gift from Okawaru
 24673 | D:13     | Reached skill level 15 in Fighting
 24788 | D:13     | Found a stormy altar of Qazlal.
 24933 | D:13     | Found a gate to the Vaults.
 25812 | D:14     | Received a gift from Okawaru
 25926 | D:14     | Reached XP level 17. HP: 95/140 MP: 24/24
 26383 | D:15     | Reached skill level 16 in Fighting
 26815 | D:15     | Found a staircase to the Depths.
 27398 | Spider:1 | Entered Level 1 of the Spider Nest
 27556 | D:11     | Bought an uncursed ring of poison resistance for 300 gold
                  | pieces
 27948 | Spider:1 | Reached skill level 15 in Armour
 28055 | Spider:1 | Found a transporter.
 28059 | Spider:1 | Noticed Flooderbenga's ghost (journeyman MiBe)
 28128 | Spider:1 | Received a gift from Okawaru
 28128 | Spider:1 | Reached skill level 1 in Dodging
 28131 | Spider:1 | Got a crude quarterstaff {god gift}
 28133 | Spider:1 | Identified the +2 quarterstaff "Ewuegob" {elec, rPois Str+2
                  | Dex+2} (Okawaru gifted it to you on level 1 of the Spider
                  | Nest)
 28224 | Spider:1 | Found a transporter.
 28818 | Spider:2 | Found a runed translucent gate.
 28818 | Spider:2 | Found a runed translucent gate.
 28818 | Spider:2 | Found a runed translucent gate.
 28818 | Spider:2 | Noticed Qyadack's ghost (adept HOFi)
 28842 | Spider:2 | Reached skill level 17 in Fighting
 29399 | Spider:3 | Received a gift from Okawaru
 29402 | Spider:3 | Got a brightly glowing quarterstaff {god gift}
 29404 | Spider:3 | Identified the +1 quarterstaff "Vichet" {flame, Dex+2}
                  | (Okawaru gifted it to you on level 3 of the Spider Nest)
 29896 | Spider:3 | Reached XP level 18. HP: 128/153 MP: 19/25
 29933 | Spider:3 | Reached skill level 18 in Fighting
 30106 | Spider:3 | Received a gift from Okawaru
 30171 | Spider:3 | Reached skill level 5 in Dodging
 30420 | Spider:4 | Entered Level 4 of the Spider Nest
 31363 | Spider:4 | Reached skill level 19 in Fighting
 31706 | Spider:4 | Received a gift from Okawaru
 31715 | Spider:4 | Got a jewelled cloak {god gift}
 31716 | Spider:4 | Identified the +0 cloak of Lesser Demons {rC+ rCorr Int+3
                  | Dex-4} (Okawaru gifted it to you on level 4 of the Spider
                  | Nest)
 31728 | Spider:4 | Got a gossamer rune of Zot
 32144 | Swamp:1  | Entered Level 1 of the Swamp
 32270 | Swamp:1  | Found a runed translucent gate.
 32270 | Swamp:1  | Found a runed translucent gate.
 32270 | Swamp:1  | Found a runed translucent gate.
 32271 | Swamp:1  | Noticed Amet's ghost (journeyman MiBe)
 32321 | Swamp:1  | Got a scorched long sword
 32322 | Swamp:1  | Identified the +9 long sword of Circularity {chaos, rN+}
                  | (You found it on level 1 of the Swamp)
 32640 | Swamp:1  | Noticed Louise
 32653 | Swamp:1  | Killed Louise
 32704 | Swamp:1  | Reached XP level 19. HP: 165/165 MP: 26/26
 33489 | Swamp:2  | Reached skill level 20 in Fighting
 34484 | Swamp:3  | Received a gift from Okawaru
 34614 | Swamp:4  | Entered Level 4 of the Swamp
 35316 | Swamp:4  | Noticed the 27-headed Lernaean hydra
 35357 | Swamp:3  | HP: 2/170 [the 27-headed Lernaean hydra (7)]
 35357 | Swamp:3  | Slain by the 27-headed Lernaean hydra

Skill      XL: |  1  2  3  4  5  6  7  8  9 10 11 12 13 14 15 16 17 18 19 |
---------------+----------------------------------------------------------+-----
Shields        | 4 5 7 9 10 12 14 15 | 15.8
Staves         | 3 4 5 7 8 9 10 11 12 13 14 | 14.0
Fighting       | 4 5 6 7 8 9 10 11 12 13 15 17 19 20 | 20.6
Armour         | 4 5 6 7 8 9 10 11 12 13 14 15 | 15.0
Invocations    | 5 8 10 | 10.0
Evocations     | 1 3 |  3.6
Dodging        | 4 7 8 |  8.8

Action                   |  1- 3 |  4- 6 |  7- 9 | 10-12 | 13-15 | 16-18 | 19-21 || total
-------------------------+-------+-------+-------+-------+-------+-------+-------++-------
Melee: Quarterstaff      |   120 |   125 |   209 |   735 |   251 |       |       ||  1440
       Unarmed           |       |     8 |       |       |    10 |       |       ||    18
       Lajatang          |       |       |       |       |  1350 |  1597 |   362 ||  3309
       Scimitar          |       |       |       |       |    22 |     8 |    40 ||    70
Invok: Finesse           |       |       |       |     1 |     6 |     3 |     1 ||    11
       Heroism           |       |       |       |     1 |     6 |     1 |       ||     8
 Abil: Dig               |       |       |       |       |     6 |    13 |       ||    19
Evoke: Wand              |       |       |       |       |    11 |     1 |     6 ||    18
       Lamp of fire      |       |       |       |       |       |     2 |     1 ||     3
       Fan of gales      |       |       |       |       |       |       |     1 ||     1
  Use: Scroll            |     3 |     4 |    10 |     5 |    23 |    14 |     6 ||    65
       Potion            |       |     4 |       |     2 |     2 |       |     5 ||    13
 Stab: Petrified         |       |       |       |       |     1 |       |       ||     1
       Confused          |       |       |       |       |       |     1 |       ||     1
  Eat: Chunk             |       |     2 |     3 |    13 |    24 |    13 |     3 ||    58
       Ration            |       |     1 |     2 |     3 |     3 |     7 |     2 ||    18
Armor: Scale mail        |    44 |    37 |    74 |   300 |    71 |       |       ||   526
       Skin              |       |    12 |       |       |       |       |       ||    12
       Crystal plate arm |       |       |       |       |   945 |   865 |   502 ||  2312
Dodge: Dodged            |    31 |    42 |    60 |   246 |   295 |   277 |   194 ||  1145
Block: Shield            |    73 |    68 |    91 |   451 |  1068 |       |       ||  1751
       Large shield      |       |       |       |       |   136 |  1579 |   543 ||  2258
       Rpst.: Scimitar   |       |       |       |       |       |     1 |     8 ||     9
